 Dungeon Crawl Stone Soup version 0.17-a0-1738-g82cdc46 (webtiles) character file.

33 TuckyLangle the Grave Robber (level 3, -1/25 HPs)
             Began as a Mummy Necromancer on Aug 30, 2015.
             Slain by an adder (2 damage)
             ... on level 2 of the Dungeon.
             The game lasted 00:05:33 (1413 turns).

TuckyLangle the Grave Robber (Mummy Necromancer)    Turns: 1413, Time: 00:05:33

Health: -1/25      AC:  2    Str: 11    XL:     3   Next: 12%
Magic:  3/6        EV: 12    Int: 15    God:
Gold:   102        SH:  0    Dex: 12    Spells: 1 memorised, 5 levels left

rFire  x . .     SeeInvis .     d - +0 dagger
rCold  + . .     Clarity  .     a - +0 robe
rNeg   + + +     SustAt   .     (no shield)
rPois  ∞         Gourm    .     (no helmet)
rElec  .         Spirit   .     (no cloak)
rCorr  .         Warding  .     (no gloves)
rMut   .         Stasis   .     (no boots)
MR     .....                    (no amulet)
Stlth  ++........               (no ring)
                                c - ring of flight

@: not resistant to hostile enchantments, unstealthy
A: no food or potions, fire vulnerability, cold resistance 1, negative energy
resistance 3, torment resistance, unbreathing
a: Evoke Flight


You were on level 2 of the Dungeon.
You were not hungry.

You visited 1 branch of the dungeon, and saw 2 of its levels.

You collected 102 gold pieces.

Inventory:

Hand weapons
 d - a +0 dagger (weapon)
Armour
 a - a +0 robe (worn)
Jewellery
 c - a ring of flight (left hand)
Scrolls
 e - a scroll of remove curse
 f - a scroll of teleportation {unknown}
Books
 b - a book of Necromancy

   Spells                             Type                      Level
   a - Pain                           Necromancy                   1
   b - Animate Skeleton               Necromancy                   1
   c - Vampiric Draining              Necromancy                   3
   d - Regeneration                   Charms/Necromancy            3
   e - Animate Dead                   Necromancy                   4
   f - Control Undead                 Necromancy                   4


   Skills:
 + Level 0.6 Fighting
 - Level 1.5 Dodging
 - Level 1.5 Stealth
 - Level 2.0 Spellcasting
 + Level 4.9 Necromancy


You had 5 spell levels left.
You knew the following spells:

 Your Spells              Type           Power        Failure   Level  Hunger
a - Pain                  Necr           ###.         3%          1    N/A

Dungeon Overview and Level Annotations

Branches:
Dungeon (2/15)

Altars:


Innate Abilities, Weirdness & Mutations

You do not eat or drink.
Your flesh is vulnerable to fire.
You are immune to poison.
Your flesh is cold resistant.
You are immune to negative energy.
You are immune to unholy pain and torment.
You can survive without breathing.


Message History

You hit the adder.
The adder is severely wounded.
The adder barely misses you. x2
You hit the adder but do no damage.
The adder is severely wounded.
The adder barely misses you.
Casting: Pain
Confirm with . or Enter, or press ? or * to list all spells.
Aiming: Pain
Press: ? - help, Shift-Dir - straight line, f/p - adder
Aim: an adder (severely wounded, chance to defeat MR: 81%)
The adder convulses in agony!
The adder bites you.
* * * LOW HITPOINT WARNING * * *
Casting: Pain
Confirm with . or Enter, or press ? or * to list all spells.
Aiming: Pain
Press: ? - help, Shift-Dir - straight line, f/p - adder
Aim: an adder (almost dead, chance to defeat MR: 81%)
The adder convulses in agony!
The adder bites you.
You die...

#### ### ####... #.#
......$ #.# #.#.#..
#.# ....... #######.#
#.#.#.. ........#
.......########.######
#.#.#.S@?<...........#
......####.####.####.#
.####.#.# #.# #.# #.#
....#.#.# #.## #.# #.#
......#.#####..#
#.####.#
............!>.#
#......#
..........####.#
#.######
..##....<......###.#
..........####.....#


You could see an adder.

Vanquished Creatures
  A worm (D:2)
  3 goblins (D:1)
  5 hobgoblins (D:1)
  2 kobolds (D:1)
  4 bats (D:1)
  2 giant geckos
  4 jackals (D:1)
  9 rats (D:1)
30 creatures vanquished.

Notes
Turn   | Place    | Note
--------------------------------------------------------------
     0 | D:1      | TuckyLangle the Mummy Necromancer began the quest for the Orb.
     0 | D:1      | Reached XP level 1. HP: 13/13 MP: 3/3
   197 | D:1      | Reached XP level 2. HP: 14/19 MP: 1/5
  1086 | D:2      | Reached XP level 3. HP: 3/25 MP: 1/6
  1412 | D:2      | HP: 1/25 [adder (1)]
  1413 | D:2      | Slain by an adder

Vault maps used:
D:1:      tarquinn_simple_flora_water_f, minmay_misc_feat_cross,
          minmay_rat_gold_closets
D:2:      serial_co_window_serial, co_window_paths_b, co_window_cross_1,
          co_window_paths_a, co_window_paths_b, co_window_paths_b,
          co_window_corner_a, co_window_of_opportunity_a, co_window_corner_b,
          co_window_broadway_a, co_window_of_opportunity_c, co_window_paths_c,
          glass_columns_a, glass_columns_a, glass_columns_a, glass_columns_b,
          glass_columns_b, uniq_terence

Action                   || total
-------------------------++-------
Melee: Unarmed           ||    32
       Dagger            ||    46
 Cast: Pain              ||    50
  Use: Scroll            ||     1
